Get step-by-step instructions on how to execute this build order below. Start the game timer, and the build order will tick by so you can play in parallel with StarCraft on a second screen or mobile device.

Game Time

  0:00

Last Step

  N/A

Next Step

Upcoming Step



Don't want to look back and forth between 2 screens? Try out our Overwolf App, the Spawning Tool Build Advisor to get an in-game overlay with this build!

Complete Build Order

  12  0:01  Probe (Chrono Boost)  
  13  0:11  Probe (Chrono Boost)  
  14  0:20  Pylon  
  14  0:24  Probe (Chrono Boost)  
  15  0:38  Probe (Chrono Boost)  
  15  0:40  Gateway  
  16  0:48  Probe (Chrono Boost)  
  17  0:50  Assimilator  
  17  0:59  Probe (Chrono Boost)  
  17  1:03  Assimilator  
  18  1:10  Probe (Chrono Boost)  
  19  1:14  Gateway  
  19  1:20  Probe (Chrono Boost)  
  20  1:30  Cybernetics Core  
  20  1:32  Probe (Chrono Boost)  
  22  1:47  Probe (Chrono Boost), Pylon  
  22  2:02  Probe (Chrono Boost)  
  22  2:06  Warp Gate (Chrono Boost)  
  23  2:11  Stalker x2 (Chrono Boost)  
  27  2:41  Pylon  
  27  2:50  Stalker x2  
  31  3:07  Gateway  
  31  3:09  Robotics Facility  
  31  3:19  Mothership Core (Chrono Boost)  
  33  3:28  Pylon  
  33  3:38  Probe  
  34  3:57  Immortal (Chrono Boost)  
  34  4:01  Stalker  
  34  4:02  Stalker  
  42  4:03  Stalker  
  44  4:13  Pylon  
  42  4:33  Pylon  
  42  4:35  Stalker  
  42  4:36  Stalker x2, Pylon